Map: Berlingrad LE

Players

A.I. 1 (Very Easy) - Winner!

  • Race: Protoss Protoss
  • Spawn Location: 5:00

llllllllllll

  • Race: Zerg Zerg
  • League: Master
  • Spawn Location: 11:00

VOD

https://www.youtube.com/watch?v=Rfwzf_AJgFU

Description

Very easy beginner zerg build order that will work well from Bronze through to Platinum. It's a timing attack with plenty of roaches!

Main Goals of the build:
1) Give you a simple goal of executing a timing attack by a specific time (5:30)
2) Simply the complexity of the game as much as possible
3) Framework to practice the important mechanics (injects, macro cycle, spending money etc...)

Time

  • Played on: May 14, 2022, 5:28 p.m.
  • Length: 5:35
Show
View Real Time Build Order
Export as new Build Order

A.I. 1 (Very Easy) Protoss - Winner!

Build Orders: 1 Gate Expand, Nexus First 

Get SALT Encoding   

  12  0:00  Probe  
  13  0:13  Probe  
  14  0:19  Pylon  
  14  0:42  Gateway  
  14  1:01  Nexus  
  14  1:20  Pylon  
  14  1:21  Zealot  
  14  1:24  Assimilator  
  16  1:36  Cybernetics Core  
  16  1:39  Probe  
  17  1:51  Probe  
  18  2:01  Assimilator  
  18  2:02  Probe  
  18  2:08  Stalker  
  19  2:10  Probe  
  19  2:15  Warp Gate  
  22  2:19  Probe  
  23  2:25  Probe  
  24  2:34  Probe  
  25  2:41  Probe  
  26  2:48  Probe  
  26  2:50  Pylon  
  27  2:55  Probe  
  28  3:02  Probe  
  29  3:06  Probe  
  30  3:14  Robotics Facility  
  30  3:17  Probe  
  31  3:21  Probe  
  32  3:32  Probe  
  32  3:33  Assimilator  
  32  3:34  Zealot  
  35  3:39  Probe  
  36  3:46  Probe  
  37  3:53  Probe  
  38  3:58  Assimilator  
  38  3:59  Observer  
  38  4:00  Probe  
  40  4:07  Probe  
  41  4:13  Probe  
  41  4:14  Observer  
  42  4:22  Probe  
  44  4:25  Probe  
  45  4:36  Probe  
  45  4:37  Pylon  
  46  4:44  Probe  
  47  4:51  Probe  
  48  4:53  Stalker  
Show
View Real Time Build Order
Export as new Build Order

llllllllllll Zerg 

Build Orders: Hatch First 

Get SALT Encoding   

  12  0:00  Drone  
  13  0:12  Overlord  
  13  0:18  Drone  
  14  0:32  Drone x2  
  16  0:48  Hatchery  
  15  0:52  Drone  
  15  0:55  Drone  
  17  0:58  Drone  
  18  1:10  Extractor  
  17  1:14  Spawning Pool  
  17  1:16  Drone  
  17  1:20  Drone  
  18  1:28  Drone  
  19  1:41  Drone  
  20  1:53  Overlord  
  20  2:01  Queen x2  
  20  2:02  Zergling x4  
  26  2:19  Drone x2  
  28  2:23  Drone x2  
  30  2:33  Drone x2  
  32  2:43  Overlord  
  32  2:45  Drone  
  32  2:48  Lair  
  33  2:55  Drone x2  
  35  3:05  Drone  
  36  3:06  Overlord  
  36  3:11  Drone x6  
  42  3:14  Extractor  
  42  3:15  Extractor  
  42  3:16  Spore Crawler  
  42  3:18  Roach Warren  
  38  3:26  Spore Crawler  
  38  3:27  Drone x2  
  38  3:31  Drone x2  
  41  3:42  Drone x6  
  47  3:48  Drone  
  47  3:54  Overlord  
  48  3:55  Hatchery  
  48  3:56  Overlord  
  48  4:00  Glial Reconstitution  
  47  4:15  Roach x5  
  47  4:16  Roach  
  59  4:19  Roach  
  59  4:21  Roach  
  59  4:22  Overseer  
  63  4:29  Overlord x2  
  63  4:46  Roach x2  
  63  4:47  Roach x5  
  63  4:48  Roach  
  79  4:57  Overlord x2  
Tags
 
Add a new tag
Caveats
  • Supply blocks, unpowered buildings, or Contaminate may cause inaccurate times.
  • Supply counts are checked every 10 seconds.